 Dungeon Crawl Stone Soup version 0.29.0-4-gdea44cf6ec (webtiles) character file.

Game seed: 5645863737133941711

130 qw the Ruffian (level 5, 0/41 HPs)
             Began as a Ghoul Fire Elementalist on Aug 29, 2022.
             Slain by Pikel
             ... wielding a +2 whip of flaming
              (1 damage)
             ... on level 4 of the Dungeon.
             The game lasted 00:02:30 (3184 turns).

qw the Ruffian (Ghoul Fire Elementalist)            Turns: 3184, Time: 00:02:30

Health: 0/41       AC: 10    Str: 14    XL:     5   Next: 13%
Magic:  6/6        EV:  4    Int: 10    God:
Gold:   129        SH:  0    Dex:  9    Spells: 6/7 levels left

rFire   . . .      SeeInvis .     - Unarmed
rCold   + . .      Faith    .   (no shield)
rNeg    + + +      Spirit   .   i - +0 plate armour
rPois   inf        Reflect  .   (no helmet)
rElec   .          Harm     .   (no cloak)
rCorr   .          Rampage  .   (no gloves)
Will    .....                   (no boots)
Stlth   ..........              (no amulet)
HPRegen 0.00/turn               (no ring)
MPRegen 0.10/turn               (no ring)

@: about to teleport, inhibited regen
A: claws 1, cold resistance 1, negative energy resistance 3, inhibited
regeneration, torment resistance 2, devour on kill
a: no special abilities


You were on level 4 of the Dungeon.
You visited 1 branch of the dungeon, and saw 4 of its levels.

You collected 129 gold pieces.


Innate Abilities, Weirdness & Mutations

You are immune to poison.
You have sharp fingernails.
Your flesh is cold resistant. (rC+)
You are immune to negative energy. (rN+++)
You do not regenerate when monsters are visible.
You are immune to unholy pain and torment.
You thrive by killing the living.


   Skills:
 - Level 2.0 Fighting
 - Level 1.0 Armour
 - Level 1.7 Dodging
 - Level 2.1 Stealth
 + Level 4.2 Unarmed Combat
 - Level 1.7 Spellcasting
 - Level 0.7 Conjurations
 - Level 2.4 Fire Magic


You had 6 spell levels left.
You knew the following spells:

 Your Spells              Type           Power      Damage    Failure   Level
a - Foxfire               Conj/Fire      16%        2x1d4     100%        1

Your spell library contained the following spells:

 Spells                   Type           Power      Damage    Failure   Level
 Scorch                   Fire           10%        2d5       100%        2
 Conjure Flame            Conj/Fire      4%         6-21      100%        3
 Inner Flame              Hex/Fire       3%         N/A       100%        3
 Flame Wave               Conj/Fire      4%         2d5       100%        4

Inventory:

Armour
 i - a +0 plate armour (worn)
Scrolls
 b - a scroll of identify
Potions
 a - a potion of brilliance {unknown}
 d - a potion of experience {unknown}
 e - a potion of haste {unknown}
 j - a potion of curing {unknown}

Dungeon Overview and Level Annotations

Branches:
Dungeon (4/15)
 Temple: D:4-7

Altars:

Annotations:
D:4 Pikel


Message History

You barely miss Pikel. You claw Pikel, but do no damage.
A lemure comes into view.
The lemure hits you but does no damage.
Pikel hits you with a +2 whip of flaming.
Pikel burns you.
The lemure shouts!
You scratch Pikel.
Pikel is lightly wounded.
You barely miss Pikel.
Pikel is lightly wounded.
Pikel hits you with a +2 whip of flaming.
Pikel burns you. The lemure hits you but does no damage.
You scratch Pikel.
Pikel is lightly wounded.
Pikel hits you with a +2 whip of flaming.
Pikel burns you. The lemure hits you but does no damage.
You scratch Pikel.
Pikel is moderately wounded.
Pikel zaps a wand.
You suddenly lose the ability to move!
The lemure hits you.
Pikel hits you with a +2 whip of flaming.
Pikel burns you. The lemure hits you.
Pikel hits you with a +2 whip of flaming.
Pikel burns you. The lemure hits you but does no damage.
Pikel hits you but does no damage. The lemure hits you but does no damage.
Pikel hits you but does no damage. The lemure hits you but does no damage.
Pikel hits you with a +2 whip of flaming.
Pikel burns you. The lemure hits you but does no damage.
You can move again.
You scratch Pikel.
Pikel is moderately wounded.
Pikel closely misses you. The lemure hits you.
3183 ||| READING scroll of teleportation.
As you read the scroll of teleportation, it crumbles to dust.
You feel strangely unstable.
Pikel hits you with a +2 whip of flaming.
Pikel burns you. The lemure hits you but does no damage.
You scratch Pikel.
Pikel is heavily wounded.
Pikel hits you with a +2 whip of flaming.
You die...

..........# #.#.#
..........#######.#.
..........'........
..........#######.#
.....(....#######.####
..........%..........#
#################.#.##
#..#.# #@##.# #K#5###
#.5.#5# #.#..5#
#..#.## ##..# K#5 #..#
#.5


You could see Pikel and 4 lemures.

Vanquished Creatures
  An orc priest (D:3)
  2 adders
  2 worms (D:2)
  4 dart slugs
  2 orcs (D:3)
  4 bats
  6 endoplasms
  7 giant cockroaches
  5 goblins
  7 hobgoblins
  2 jackals (D:4)
  3 kobolds
  A quokka (D:3)
  4 ball pythons
  7 frilled lizards
  4 rats
61 creatures vanquished.

Notes
Turn   | Place    | Note
-------+----------+-------------------------------------------
     0 | D:1      | qw the Ghoul Fire Elementalist began the quest for the Orb.
     0 | D:1      | Reached XP level 1. HP: 14/14 MP: 2/2
     0 | D:1      | 0 ||| qw: Version: 0.1-a-90-g952f4b7
     0 | D:1      | 0 ||| qw: Game counter: 3783
     0 | D:1      | 0 ||| qw: Always use a shield: true
     0 | D:1      | 0 ||| qw: God list: Okawaru
     0 | D:1      | 0 ||| qw: Allow faded altars: false
     0 | D:1      | 0 ||| qw: Do Orc after D:15 true
     0 | D:1      | 0 ||| qw: Do second Lair branch before Depths: true
     0 | D:1      | 0 ||| qw: Lair rune preference: random
     0 | D:1      | 0 ||| qw: Plans: Normal
     0 | D:1      | 0 ||| PLANNING D:1-11
    10 | D:1      | 10 ||| Stepping ~*~*~tactically~*~*~ (stealth).
    26 | D:1      | Reached skill level 1 in Unarmed Combat
    65 | D:1      | 65 ||| Stepping ~*~*~tactically~*~*~ (stealth).
   219 | D:1      | Reached skill level 1 in Fighting
   219 | D:1      | Reached XP level 2. HP: 22/23 MP: 3/3
   243 | D:1      | 243 ||| Stepping ~*~*~tactically~*~*~ (hiding).
   258 | D:1      | 258 ||| Stepping ~*~*~tactically~*~*~ (hiding).
   259 | D:1      | 259 ||| Stepping ~*~*~tactically~*~*~ (hiding).
   519 | D:1      | 519 ||| Stepping ~*~*~tactically~*~*~ (stealth).
   522 | D:1      | Reached skill level 2 in Unarmed Combat
   522 | D:1      | 522 ||| Stepping ~*~*~tactically~*~*~ (stealth).
   527 | D:1      | 527 ||| Stepping ~*~*~tactically~*~*~ (stealth).
   529 | D:1      | 529 ||| Stepping ~*~*~tactically~*~*~ (stealth).
   626 | D:1      | 626 ||| Stepping ~*~*~tactically~*~*~ (outnumbered).
   919 | D:1      | Reached XP level 3. HP: 28/28 MP: 4/4
   933 | D:1      | 933 ||| Stepping ~*~*~tactically~*~*~ (outnumbered).
   934 | D:1      | 934 ||| Stepping ~*~*~tactically~*~*~ (outnumbered).
   935 | D:1      | 935 ||| Stepping ~*~*~tactically~*~*~ (outnumbered).
   936 | D:1      | 936 ||| Stepping ~*~*~tactically~*~*~ (outnumbered).
   937 | D:1      | 937 ||| Stepping ~*~*~tactically~*~*~ (outnumbered).
   939 | D:1      | 939 ||| Stepping ~*~*~tactically~*~*~ (outnumbered).
   959 | D:1      | 959 ||| Stepping ~*~*~tactically~*~*~ (stealth).
  1215 | D:1      | 1215 ||| UPGRADING to +0 chain mail.
  1225 | D:1      | 1225 ||| DROPPING +0 robe.
  1226 | D:1      | 1226 ||| UPGRADING to +0 plate armour.
  1236 | D:1      | 1236 ||| DROPPING +0 chain mail.
  1237 | D:1      | 1237 ||| READING scroll labelled FUZXOFFO YRED.
  1238 | D:1      | 1238 ||| READING scroll labelled BUJIOK OCWOR.
  1239 | D:1      | 1239 ||| READING scroll labelled OTAOWOCUSO.
  1240 | D:1      | 1240 ||| DROPPING potion of magic.
  1397 | D:2      | Reached skill level 3 in Unarmed Combat
  1765 | D:2      | Reached skill level 1 in Armour
  1845 | D:2      | Reached XP level 4. HP: 25/35 MP: 5/5
  2204 | D:2      | 2204 ||| READING scroll labelled DIRPHU UH XUUVOLO.
  2205 | D:2      | 2205 ||| READING scroll labelled ICKIEG JIET.
  2206 | D:2      | 2206 ||| READING scroll labelled TUNIJU XUNOUF.
  2210 | D:2      | 2210 ||| DRINKING 2 white potions.
  2211 | D:2      | 2211 ||| DROPPING potion of flight.
  2350 | D:3      | 2350 ||| Stepping ~*~*~tactically~*~*~ (stealth).
  2391 | D:3      | Found a faded altar of an unknown god.
  2494 | D:3      | 2494 ||| Stepping ~*~*~tactically~*~*~ (hiding).
  2499 | D:3      | 2499 ||| Stepping ~*~*~tactically~*~*~ (outnumbered).
  2501 | D:3      | 2501 ||| Stepping ~*~*~tactically~*~*~ (outnumbered).
  2511 | D:3      | Reached skill level 4 in Unarmed Combat
  2641 | D:3      | 2641 ||| Stepping ~*~*~tactically~*~*~ (hiding).
  2642 | D:3      | 2642 ||| Stepping ~*~*~tactically~*~*~ (hiding).
  2759 | D:3      | Reached XP level 5. HP: 40/41 MP: 6/6
  3028 | D:3      | 3028 ||| READING scroll labelled QUICKI PYITZIF.
  3029 | D:3      | 3029 ||| DRINKING 2 glowing cyan potions.
  3030 | D:3      | 3030 ||| DROPPING potion of berserk rage.
  3165 | D:4      | Noticed Pikel
  3165 | D:4      | Noticed a lemure
  3165 | D:4      | Noticed a lemure
  3165 | D:4      | Noticed a lemure
  3166 | D:4      | 3166 ||| Stepping ~*~*~tactically~*~*~ (hiding).
  3167 | D:4      | 3167 ||| Stepping ~*~*~tactically~*~*~ (hiding).
  3172 | D:4      | Noticed a lemure
  3176 | D:4      | Paralysed by Pikel for 5 turns
  3182 | D:4      | HP: 9/41 [lemure[Pikel] (4)]
  3183 | D:4      | 3183 ||| READING scroll of teleportation.
  3183 | D:4      | HP: 4/41 [Pikel/+2 whip of flaming (5)]
  3183 | D:4      | HP: 1/41 [Pikel/+2 whip of flaming (3)]
  3184 | D:4      | Slain by Pikel

Levels and vault maps discovered:
D:1:      reono_arrival_mine, layout_rooms, st_stairs_13, nrook_mini_backslash
D:2:      layout_loops_cross, st_stairs_13
D:3:      cheibrodos_helix_gallery, layout_basic, mainiacjoe_overflow_alcove_4,
          hellmonk_ecumenical_altar_blasted, hangedman_decor_clover_reticule
D:4:      layout_basic, marbit_many_paths, minmay_temple_entry_ruins, uniq_pikel

Skill      XL: |  1  2  3  4  5 |
---------------+----------------+-----
Unarmed Combat | 1 2 3 4 |  4.2
Fighting       | 1 2 |  2.0
Armour         | 1 |  1.0
Dodging        | |  1.7
Stealth        | |  2.1
Spellcasting   | |  1.7
Conjurations   | |  0.7
Fire Magic     | |  2.4

Action                   |  1- 3 |  4- 6 || total
-------------------------+-------+-------++-------
Melee: Unarmed           |   133 |    93 ||   226
       Punch             |     2 |     1 ||     3
  Use: Scroll            |     3 |     5 ||     8
       Potion            |       |     2 ||     2
Armor: Robe              |    10 |       ||    10
       Plate armour      |    30 |    61 ||    91
Dodge: Dodged            |    21 |    13 ||    34

Table legend:
 A = Non-vault XP
 B = Vault XP
 C = Vault XP percentage of total XP
 D = Non-vault monster count
 E = Vault monster count
 F = Vault count percentage of total count
                 A         B        C        D         E       F
            +---------+---------+-------+---------+---------+-------
      Total |     175 |      11 |   5.9 |      55 |       6 |   9.8
            +---------+---------+-------+---------+---------+-------
        D:1 |      45 |       4 |   8.2 |      23 |       2 |   8.0
        D:2 |      41 |       2 |   4.7 |      12 |       1 |   7.7
        D:3 |      85 |       3 |   3.4 |      18 |       2 |  10.0
        D:4 |       4 |       2 |  33.3 |       2 |       1 |  33.3
            +---------+---------+-------+---------+---------+-------
